 Dungeon Crawl Stone Soup version 0.31-a0-1074-g0b22e4e0f1 (webtiles) character file.

Game seed: 9266044037942049926

117 avis the Trooper (level 5, -1/50 HPs)
             Began as a Naga Shapeshifter on Dec 6, 2023.
             Slain by a steam dragon (4 damage)
             ... on level 3 of the Dungeon.
             The game lasted 00:08:07 (1565 turns).

avis the Trooper (Naga Shapeshifter)                Turns: 1565, Time: 00:08:07

Health: -1/50      AC:  2    Str: 16    XL:     5   Next: 1%
Magic:  5/5        EV:  8    Int: 10    God:
Gold:   86         SH:  7    Dex: 13    Spells: 4/4 levels left

rFire   . .          .
                       - Unarmed
rCold   . . .        j - +0 kite shield
rNeg    . . .        a - +0 animal skin
rPois   +            (helmet currently unavailable)
rElec   .            (cloak currently unavailable)
rCorr   .            (gloves currently unavailable)
SInv    +            (no barding)
Will    .....        (no amulet)
Stlth   +            (no ring)
HPRegen 0.28/turn    (no ring)
MPRegen 0.09/turn

%: no passive effects
@: short of breath, beast-form, very slow
A: beast (slay +2), AC +1, large, see invisible, deformed body, poison
resistance, slowness 2, spit poison 1, naga tail 1
a: Spit Poison, Begin Untransformation


You were on level 3 of the Dungeon.
You were a hulking beast.
You visited 1 branch of the dungeon, and saw 3 of its levels.

You collected 86 gold pieces.

Inventory:

Hand Weapons
 l - a +1 dagger of protection
 o - a +1 dagger of protection
 r - a +1 whip of pain
Missiles
 p - 38 stones
Armour
 a - a +0 animal skin (worn)
 e - a +0 helmet
 j - a +0 kite shield (worn)
Magical Staves
 n - a staff of earth
Talismans
 c - a beast talisman
 d - a flux talisman
Scrolls
 f - 2 scrolls of identify {unknown}
 g - 2 scrolls of poison {unknown}
 h - 3 scrolls of teleportation {unknown}
Potions
 b - a potion of lignification
 i - a potion of cancellation {unknown}
 k - a potion of resistance {unknown}
 m - a potion of invisibility {unknown}
 q - a potion of heal wounds {unknown}


   Skills:
 * Level 3.9 Fighting
 - Level 2.0 Dodging
 - Level 3.0 Unarmed Combat
 - Level 3.5 Shapeshifting


You had 4 spell levels left.
You didn't know any spells.
Your spell library contained the following spells:

 Spells                   Type           Power      Damage    Failure   Level
 Tukima's Dance           Hex            0%         N/A       98%         3
 Passage of Golubria      Tloc           0%         N/A       100%        4
 Yara's Violent Unravell  Hex/Tmut       0%         3d3       100%        5


Dungeon Overview and Level Annotations

Branches:
Dungeon (3/15)

Altars:


Innate Abilities, Weirdness & Mutations

You are a hulking beast.
Your limbs bulge with bestial killing power. (Slay +2)
Your serpentine skin is tough. (AC +1)
You have supernaturally acute eyesight. (SInv)
Armour fits poorly on your strangely shaped body.
Your system is resistant to poisons. (rPois)
You cover ground very slowly.
You can spit poison.
You have a snake-like lower body.


Message History

The steam dragon is poisoned.
The steam dragon is lightly wounded.
You hit the steam dragon.
The steam dragon is moderately wounded.
The steam dragon bites you. You block the steam dragon's attack.
You hit the steam dragon.
The steam dragon is heavily wounded.
The steam dragon closely misses you. The steam dragon claws you.
The steam dragon bites you. The steam dragon claws you.
You closely miss the steam dragon.
The steam dragon is heavily wounded.
The steam dragon bites you. You block the steam dragon's attack.
You hit the steam dragon.
The steam dragon is heavily wounded.
The steam dragon looks more healthy.
The steam dragon closely misses you. You block the steam dragon's attack.
You hit the steam dragon.
The steam dragon is heavily wounded.
You block the steam dragon's attack. The steam dragon claws you.
You hit the steam dragon but do no damage.
The steam dragon is heavily wounded.
You have got your breath back.
The steam dragon breathes steam at you. The ball of steam hits you!
* * * LOW HITPOINT WARNING * * *
You hear a shout! x2
You hear a shout!
The steam dragon bites you.
* * * LOW HITPOINT WARNING * * *
The steam dragon claws you.
* * * LOW HITPOINT WARNING * * *
You hear a shout!
Okay, then.
Aiming: Spit Poison (1% risk of failure)
Press: ? - help, Shift-Dir - straight line, f/p - steam dragon
Aim: a steam dragon (heavily wounded, catching its breath, 59% to hit)
The splash of poison hits the steam dragon!
The steam dragon is almost dead.
The steam dragon bites you.
You die...

#...# ..
....# ...
#...###..
##........
......#..
###........
#.<...# ###
#.#...# #<#
#.#.h§# #.#
#.##D## ..#
.. #.# ....
## #.#
##### #.#
#.# #.# #.#


You could see a steam dragon (catching breath).

Vanquished Creatures
  Natasha (thrice) (D:2)
  An adder (D:2)
  A worm (D:2)
  A dart slug (D:2)
  6 bats
  4 endoplasms
  3 goblins
  A hobgoblin (D:1)
  3 ball pythons
  3 frilled lizards
  5 kobolds
  4 rats
35 creatures vanquished.

Notes
Turn   | Place    | Note
-------+----------+-------------------------------------------
     0 | D:1      | avis the Naga Shapeshifter began the quest for the Orb.
     0 | D:1      | Reached XP level 1. HP: 18/18 MP: 1/1
   206 | D:1      | Reached XP level 2. HP: 22/26 MP: 2/2
   757 | D:2      | Noticed Natasha
   765 | D:2      | Killed Natasha
   766 | D:2      | Reached XP level 3. HP: 12/33 MP: 3/3
   975 | D:2      | Noticed Natasha
   985 | D:2      | Killed Natasha
   986 | D:2      | Reached XP level 4. HP: 9/42 MP: 4/4
   997 | D:2      | Noticed Natasha
  1017 | D:2      | Killed Natasha
  1475 | D:3      | Reached XP level 5. HP: 50/50 MP: 5/5
  1553 | D:3      | Noticed a steam dragon
  1564 | D:3      | HP: 2/50 [steam dragon (1)]
  1565 | D:3      | Slain by a steam dragon

Illustrated notes

Levels and vault maps discovered:
D:1:      dpeg_arrival_tiny_c, layout_rooms, grunt_decor_arrowhead,
          nicolae_eternal_life, dreamdust_princess_bridge
D:2:      layout_rooms, uniq_natasha
D:3:      layout_basic, mainiacjoe_overflow_six_doors_small,
          trog_butcher_becter, marbit_many_paths, bh_walls_and_bars

Skill      XL: |  1  2  3 |
---------------+----------+-----
Fighting       | 2 3 |  3.9
Dodging        | 2 |  2.0
Unarmed Combat | |  3.0
Shapeshifting  | |  3.5

Action                     |  1- 3 |  4- 6 || total
---------------------------+-------+-------++-------
  Melee: Unarmed           |    78 |    26 ||   104
Ability: Spit Poison       |     4 |     9 ||    13
 Armour: Animal skin       |    57 |    21 ||    78
  Dodge: Dodged            |    33 |     6 ||    39
  Block: Kite shield       |    27 |     9 ||    36

Table legend: (Time is in decaauts)
 A = Elapsed time spent in this place.
 B = Non-inter-level travel time spent in this place.
 C = Inter-level travel time spent in this place.
 D = Time resting spent in this place.
 E = Time spent auto-exploring this place.
 F = Levels seen in this place.
 G = Mean time per level.
                   A        B        C        D        E       F      G
               +--------+--------+--------+--------+--------+-----+--------+
         Total |   1967 |   1836 |    131 |    344 |   1047 |   3 |  655.7 |
       Dungeon |   1967 |   1836 |    131 |    344 |   1047 |   3 |  655.7 |
               +--------+--------+--------+--------+--------+-----+--------+

Top non-repeatable levels by time:
     D:1: 1013 daAuts
     D:2: 889 daAuts
     D:3: 64 daAuts
